Workbook

Sheet 资产负债表
A1: 报告期 | B1: 39082 | C1: 39447 | D1: 39813 | E1: 40178 | F1: 40543 | G1: 40908 | H1: 41274 | I1: 41639
A2: 流动资产
A3: 货币资金 | B3: 6.436969e+08 | C3: 6.4375049e+08 | D3: 2.335334e+09 | E3: 2.2835763e+09 | F3: 1.9949606e+09 | G3: 1.1427095e+09 | H3: 1.7283322e+09 | I3: 2.0829515e+09
A4: 货币资金/总资产 | B4: =B3/B51 -> 0.29374157 | C4: =C3/C51 -> 0.22483917 | D4: =D3/D51 -> 0.47301069 | E4: =E3/E51 -> 0.38025707 | F4: =F3/F51 -> 0.26135804 | G4: =G3/G51 -> 0.12569792 | H4: =H3/H51 -> 0.16207213 | I4: =I3/I51 -> 0.16170834
A5: 交易性金融资产 | B5: -- | C5: -- | D5: 0 | E5: 0 | F5: -- | G5: 519683.25 | H5: -- | I5: 149758.72
A6: 应收票据 | B6: 1.535567e+08 | C6: 4.4130163e+08 | D6: 2.1665863e+08 | E6: 5.2942107e+08 | F6: 7.8361247e+08 | G6: 1.9142239e+09 | H6: 1.9612418e+09 | I6: 2.6641388e+09
A7: (货币资金+应收票据)/总资产 | B7: =(B3+B6)/B51 -> 0.3638149 | C7: =(C3+C6)/C51 -> 0.37897015 | D7: =(D3+D6)/D51 -> 0.51689386 | E7: =(E3+E6)/E51 -> 0.46841533 | F7: =(F3+F6)/F51 -> 0.36401842 | G7: =(G3+G6)/G51 -> 0.33626233 | H7: =(H3+H6)/H51 -> 0.34598506 | I7: =(I3+I6)/I51 -> 0.36853672
A8: 应收账款 | B8: 1.4991646e+08 | C8: 1.9427682e+08 | D8: 1.6128487e+08 | E8: 2.3549772e+08 | F8: 4.6070354e+08 | G8: 4.1337129e+08 | H8: 4.6110982e+08 | I8: 5.3646706e+08
A9: 应收2/总资产 | B9: =(B6+B8)/B51 -> 0.13848549 | C9: =(C6+C8)/C51 -> 0.22198497 | D9: =(D6+D8)/D51 -> 0.076550643 | E9: =(E6+E8)/E51 -> 0.12737292 | F9: =(F6+F8)/F51 -> 0.16301675 | G9: =(G6+G8)/G51 -> 0.25603521 | H9: =(H6+H8)/H51 -> 0.22715291 | I9: =(I6+I8)/I51 -> 0.24847658
A10: 应收2周转率 | B10: =利润表!B4/(资产负债表!B6+资产负债表!B8) -> 10.545695 | C10: =利润表!C4/(资产负债表!C6+资产负债表!C8) -> 6.4755451 | D10: =利润表!D4/(资产负债表!D6+资产负债表!D8) -> 15.143 | E10: =利润表!E4/(资产负债表!E6+资产负债表!E8) -> 9.3758764 | F10: =利润表!F4/(资产负债表!F6+资产负债表!F8) -> 8.0971697 | G10: =利润表!G4/(资产负债表!G6+资产负债表!G8) -> 4.8600902 | H10: =利润表!H4/(资产负债表!H6+资产负债表!H8) -> 5.6502222 | I10: =利润表!I4/(资产负债表!I6+资产负债表!I8) -> 4.9411866 | J10: ？
A11: 预付账款 | B11: 1.5027206e+08 | C11: 1.6074758e+08 | D11: 3.2661694e+08 | E11: 2.4332673e+08 | F11: 3.0798639e+08 | G11: 2.8970921e+08 | H11: 2.3425662e+08 | I11: 3.8965432e+08
A12: 预付账款/总资产 | B12: =B11/B51 -> 0.068574435 | C12: =C11/C51 -> 0.056143417 | D12: =D11/D51 -> 0.066154693 | E12: =E11/E51 -> 0.040518335 | F12: =F11/F51 -> 0.040349027 | G12: =G11/G51 -> 0.03186798 | H12: =H11/H51 -> 0.021967114 | I12: =I11/I51 -> 0.030250514
A13: 应收股利 | B13: -- | C13: -- | D13: -- | E13: 0 | F13: -- | G13: -- | H13: -- | I13: --
A14: 应收利息 | B14: -- | C14: -- | D14: 1523244 | E14: 26548831 | F14: 5167610.7 | G14: 5170032.5 | H14: 1258383.6 | I14: 1344968.1
A15: 其他应收款 | B15: 57203678 | C15: 66307716 | D15: 1.4538015e+08 | E15: 41559805 | F15: 85447764 | G15: 75243943 | H15: 66393410 | I15: 4.6175292e+08
A16: (应收+预付+其他应收款) | B16: =(B6+B8+B11+B15)/B51 -> 0.23316398 | C16: =(C6+C8+C11+C15)/C51 -> 0.30128732 | D16: =(D6+D8+D11+D15)/D51 -> 0.17215139 | E16: =(E6+E8+E11+E15)/E51 -> 0.17481172 | F16: =(F6+F8+F11+F15)/F51 -> 0.21456021 | G16: =(G6+G8+G11+G15)/G51 -> 0.29618001 | H16: =(H6+H8+H11+H15)/H51 -> 0.25534598 | I16: =(I6+I8+I11+I15)/I51 -> 0.31457493
A17: 存货 | B17: 6.5071961e+08 | C17: 1.0132123e+09 | D17: 1.3016372e+09 | E17: 1.6490224e+09 | F17: 2.7288044e+09 | G17: 3.5358674e+09 | H17: 4.3600233e+09 | I17: 4.757358e+09
A18: 存货/总资产 | B18: =B17/B51 -> 0.29694628 | C18: =C17/C51 -> 0.35387905 | D18: =D17/D51 -> 0.26364037 | E18: =E17/E51 -> 0.27459228 | F18: =F17/F51 -> 0.35749827 | G18: =G17/G51 -> 0.38894502 | H18: =H17/H51 -> 0.40885559 | I18: =I17/I51 -> 0.36933384
A19: 收入/存货 | B19: =利润表!B2/资产负债表!B17 -> 4.9181483 | C19: =利润表!C2/资产负债表!C17 -> 4.062048 | D19: =利润表!D2/资产负债表!D17 -> 4.396923 | E19: =利润表!E2/资产负债表!E17 -> 4.3491127 | F19: =利润表!F2/资产负债表!F17 -> 3.6922536 | G19: =利润表!G2/资产负债表!G17 -> 3.1993062 | H19: =利润表!H2/资产负债表!H17 -> 3.1391632 | I19: =利润表!I2/资产负债表!I17 -> 3.3242801
A20: 消耗性生物资产 | B20: -- | C20: -- | D20: -- | E20: -- | F20: -- | G20: -- | H20: -- | I20: --
A21: 待摊费用 | B21: 5181152.7 | C21: -- | D21: -- | E21: -- | F21: -- | G21: -- | H21: -- | I21: --
A22: 一年内到期的非流动资产 | B22: -- | C22: -- | D22: 0 | E22: 108927.91 | F22: -- | G22: -- | H22: -- | I22: --
A23: 其他流动资产 | B23: -- | C23: -- | D23: 0 | E23: 0 | F23: -- | G23: -- | H23: -- | I23: --
A24: 影响流动资产其他科目 | B24: -- | C24: 0 | D24: -- | E24: 0 | F24: 0 | G24: 0 | H24: 0 | I24: 0
A25: 流动资产合计 | B25: 1.8111338e+09 | C25: 2.5195965e+09 | D25: 4.4884351e+09 | E25: 5.0090618e+09 | F25: 6.3666828e+09 | G25: 7.376815e+09 | H25: 8.8126154e+09 | I25: 1.0893817e+10
A26: 流动资产/总资产 | B26: =B25/B51 -> 0.82648415 | C26: =C25/C51 -> 0.88000554 | D26: =D25/D51 -> 0.90911098 | E26: =E25/E51 -> 0.83410007 | F26: =F25/F51 -> 0.83409352 | G26: =G25/G51 -> 0.81144882 | H26: =H25/H51 -> 0.8263917 | I26: =I25/I51 -> 0.84573315
A27: 营业收入/流动资产 | B27: =利润表!B2/资产负债表!B25 -> 1.7670343 | C27: =利润表!C2/资产负债表!C25 -> 1.6334825 | D27: =利润表!D2/资产负债表!D25 -> 1.2750989 | E27: =利润表!E2/资产负债表!E25 -> 1.431762 | F27: =利润表!F2/资产负债表!F25 -> 1.5825255 | G27: =利润表!G2/资产负债表!G25 -> 1.5334968 | H27: =利润表!H2/资产负债表!H25 -> 1.5530945 | I27: =利润表!I2/资产负债表!I25 -> 1.4517217
A28: 非流动资产
A29: 可供出售金融资产 | B29: -- | C29: 9873402 | D29: 2996154 | E29: -- | F29: -- | G29: -- | H29: -- | I29: --
A30: 持有至到期投资 | B30: -- | C30: -- | D30: 0 | E30: -- | F30: -- | G30: -- | H30: -- | I30: --
A31: 投资性房地产 | B31: -- | C31: -- | D31: 0 | E31: -- | F31: -- | G31: -- | H31: 7173850.1 | I31: 7510225.9
A32: 长期股权投资 | B32: 51198469 | C32: 41673450 | D32: 36336909 | E32: 36064807 | F32: 35178907 | G32: 30154371 | H32: 30000000 | I32: 60423567
A33: 金融资产/总资产 | B33: =B32/B51 -> 0.023363665 | C33: =(C32+C29)/C51 -> 0.018003484 | D33: =(D32+D29)/D51 -> 0.0079667232 | E33: =E32/E51 -> 0.0060054476 | F33: =F32/F51 -> 0.0046087577 | G33: =G32/G51 -> 0.0033169774 | H33: =(H31+H32)/H51 -> 0.0034859301 | I33: =(I31+I32)/I51 -> 0.0052739879
A34: 长期应收款 | B34: -- | C34: -- | D34: 0 | E34: -- | F34: -- | G34: -- | H34: -- | I34: --
A35: 固定资产 | B35: 2.6295869e+08 | C35: 1.9036316e+08 | D35: 2.3882581e+08 | E35: 2.5759739e+08 | F35: 2.3658684e+08 | G35: 1.0331851e+09 | H35: 1.2515894e+09 | I35: 1.2697671e+09
A36: 固定资产周转率 | B36: =利润表!B2/资产负债表!B35 -> 12.170488 | C36: =利润表!C2/资产负债表!C35 -> 21.620344 | D36: =利润表!D2/资产负债表!D35 -> 23.963904 | E36: =利润表!E2/资产负债表!E35 -> 27.841059 | F36: =利润表!F2/资产负债表!F35 -> 42.586637 | G36: =利润表!G2/资产负债表!G35 -> 10.94898 | H36: =利润表!H2/资产负债表!H35 -> 10.935555 | I36: =利润表!I2/资产负债表!I35 -> 12.454875
A37: 固定资产/总资产 | B37: =B35/B51 -> 0.11999731 | C37: =C35/C51 -> 0.066487087 | D37: =D35/D51 -> 0.048373021 | E37: =E35/E51 -> 0.04289466 | F37: =F35/F51 -> 0.030995034 | G37: =G35/G51 -> 0.11365024 | H37: =H35/H51 -> 0.11736619 | I37: =I35/I51 -> 0.098577397
A38: 工程物资 | B38: -- | C38: -- | D38: 0 | E38: -- | F38: -- | G38: -- | H38: -- | I38: --
A39: 在建工程 | B39: 5016181.7 | C39: 9684444 | D39: 44898523 | E39: 2.4337469e+08 | F39: 7.7925269e+08 | G39: 2.9823134e+08 | H39: 2.2151287e+08 | I39: 2.625079e+08
A40: 固定资产清理 | B40: 8935 | C40: -- | D40: 0 | E40: -- | F40: -- | G40: -- | H40: -- | I40: --
A41: 生产性生物资产 | B41: -- | C41: -- | D41: 0 | E41: -- | F41: -- | G41: -- | H41: -- | I41: --
A42: 油气资产 | B42: -- | C42: -- | D42: 0 | E42: -- | F42: -- | G42: -- | H42: -- | I42: --
A43: 无形资产 | B43: 41714561 | C43: 40156921 | D43: 58871941 | E43: 3.7749149e+08 | F43: 1.1959496e+08 | G43: 2.443384e+08 | H43: 2.2897195e+08 | I43: 2.2316538e+08
A44: 开发支出 | B44: -- | C44: -- | D44: 0 | E44: -- | F44: -- | G44: -- | H44: -- | I44: --
A45: 商誉 | B45: -- | C45: 12843662 | D45: 12843662 | E45: 12843662 | F45: 12843662 | G45: 12843662 | H45: 12843662 | I45: 12843662
A46: 长期待摊费用 | B46: 9340856.1 | C46: 10448578 | D46: 5996995.8 | E46: 6317888.8 | F46: 4906052.2 | G46: 17415142 | H46: 10670617 | I46: 10528748
A47: 递延所得税资产 | B47: -- | C47: 18519715 | D47: 37964514 | E47: 52596973 | F47: 68010398 | G47: 67935387 | H47: 78591208 | I47: 1.3035162e+08
A48: 其他非流动资产 | B48: -- | C48: 10000000 | D48: 10000000 | E48: 10000000 | F48: 10000000 | G48: 10000000 | H48: 10000000 | I48: 10000000
A49: 影响非流动资产其他科目 | B49: -- | C49: 0 | D49: -- | E49: -- | F49: 0 | G49: 0 | H49: 0 | I49: 0
A50: 非流动资产合计 | B50: -- | C50: 3.4356333e+08 | D50: 4.4873451e+08 | E50: 9.962869e+08 | F50: 1.2663735e+09 | G50: 1.7141034e+09 | H50: 1.8513535e+09 | I50: 1.9870982e+09
A51: 资产总计 | B51: 2.1913715e+09 | C51: 2.8631598e+09 | D51: 4.9371696e+09 | E51: 6.0053487e+09 | F51: 7.6330563e+09 | G51: 9.0909184e+09 | H51: 1.0663969e+10 | I51: 1.2880916e+10
A52: 总资产报酬率 | B52: =(利润表!B32-利润表!B14)/资产负债表!B51 -> 0.15311452 | C52: =(利润表!C32-利润表!C14)/资产负债表!C51 -> 0.14022651 | D52: =(利润表!D32-利润表!D14)/资产负债表!D51 -> 0.11212362 | E52: =(利润表!E32-利润表!E14)/资产负债表!E51 -> 0.12253038 | F52: =(利润表!F32-利润表!F14)/资产负债表!F51 -> 0.13812293 | G52: =(利润表!G32-利润表!G14)/资产负债表!G51 -> 0.15689032 | H52: =(利润表!H32-利润表!H14)/资产负债表!H51 -> 0.17146644 | I52: =(利润表!I32-利润表!I14)/资产负债表!I51 -> 0.20910382
A53: 总资产周转率 | B53: =利润表!B2/资产负债表!B51 -> 1.4604258 | C53: =利润表!C2/资产负债表!C51 -> 1.4374737 | D53: =利润表!D2/资产负债表!D51 -> 1.1592064 | E53: =利润表!E2/资产负债表!E51 -> 1.1942327 | F53: =利润表!F2/资产负债表!F51 -> 1.3199743 | G53: =利润表!G2/资产负债表!G51 -> 1.2443542 | H53: =利润表!H2/资产负债表!H51 -> 1.2834644 | I53: =利润表!I2/资产负债表!I51 -> 1.2277691
A54: 流动负债
A55: 短期借款 | B55: 12700000 | C55: 47700000 | D55: 21400000 | E55: 10000000 | F55: 10000000 | G55: 10000000 | H55: 10000000 | I55: 10000000
A56: 交易性金融负债 | B56: -- | C56: -- | D56: 0 | E56: -- | F56: -- | G56: -- | H56: -- | I56: --
A57: 应付票据 | B57: 3.1678879e+08 | C57: 2.2811454e+08 | D57: 1.7479447e+08 | E57: 3.4558283e+08 | F57: 3.7066639e+08 | G57: 5.0740172e+08 | H57: 4.9994332e+08 | I57: 6.0907775e+08
A58: 应付账款 | B58: 3.2599397e+08 | C58: 505380580 | D58: 6.9912665e+08 | E58: 768607120 | F58: 1.4863276e+09 | G58: 1.5901354e+09 | H58: 1.7826375e+09 | I58: 1.8251147e+09
A59: 购买现金/（应付账款2） | B59: =现金流量表!B10/(资产负债表!B57+资产负债表!B58) -> 3.8290373 | C59: =现金流量表!C10/(资产负债表!C57+资产负债表!C58) -> 4.6842639 | D59: =现金流量表!D10/(资产负债表!D57+资产负债表!D58) -> 4.8429523 | E59: =现金流量表!E10/(资产负债表!E57+资产负债表!E58) -> 4.5859862 | F59: =现金流量表!F10/(资产负债表!F57+资产负债表!F58) -> 3.9929816 | G59: =现金流量表!G10/(资产负债表!G57+资产负债表!G58) -> 4.3843226 | H59: =现金流量表!H10/(资产负债表!H57+资产负债表!H58) -> 5.0198265 | I59: =现金流量表!I10/(资产负债表!I57+资产负债表!I58) -> 5.230703
A60: 应付2/负债总额 | B60: =(B57+B58)/B78 -> 0.63724252 | C60: =(C57+C58)/C78 -> 0.52351593 | D60: =(D57+D58)/D78 -> 0.50558711 | E60: =(E57+E58)/E78 -> 0.50872657 | F60: =(F57+F58)/F78 -> 0.61275338 | G60: =(G57+G58)/G78 -> 0.62769117 | H60: =(H57+H58)/H78 -> 0.66056678 | I60: =(I57+I58)/I78 -> 0.6651966
A61: 应付2/资产总额 | B61: =(B57+B58)/B51 -> 0.29332442 | C61: =(C57+C58)/C51 -> 0.25618378 | D61: =(D57+D58)/D51 -> 0.17700853 | E61: =(E57+E58)/E51 -> 0.18553293 | F61: =(F57+F58)/F51 -> 0.24328316 | G61: =(G57+G58)/G51 -> 0.23072885 | H61: =(H57+H58)/H51 -> 0.21404609 | I61: =(I57+I58)/I51 -> 0.18897666
A62: (货币+票据)/(应付2+短借) | B62: =(B3+B6)/(B57+B58+B55) -> 1.2162846 | C62: =(C3+C6)/(C57+C58+C55) -> 1.3889643 | D62: =(D3+D6)/(D57+D58+D55) -> 2.8503657 | E62: =(E3+E6)/(E57+E58+E55) -> 2.5022438 | F62: =(F3+F6)/(F57+F58+F55) -> 1.4882603 | G62: =(G3+G6)/(G57+G58+G55) -> 1.4504767 | H62: =(H3+H6)/(H57+H58+H55) -> 1.6093539 | I62: =(I3+I6)/(I57+I58+I55) -> 1.9421917
A63: 预收账款 | B63: 89838070 | C63: 1.118369e+08 | D63: 1.690628e+08 | E63: 2.6769744e+08 | F63: 1.605197e+08 | G63: 3.438146e+08 | H63: 3.4708221e+08 | I63: 4.0631945e+08
A64: 预收账款/负债合计 | B64: =B63/B92 -> 0.085975582 | C64: =C63/C92 -> 0.077751595 | D64: =D63/D92 -> 0.09657789 | E64: =E63/E92 -> 0.11269223 | F64: =F63/F92 -> 0.049874271 | G64: =G63/G92 -> 0.097242634 | H64: =H63/H92 -> 0.095439501 | I64: =I63/I92 -> 0.10547929
A65: 商业信用/负债总额 | B65: =(B57+B58+B63)/B92 -> 0.70112262 | C65: =(C57+C58+C63)/C92 -> 0.58769434 | D65: =(D57+D58+D63)/D92 -> 0.5958093 | E65: =(E57+E58+E63)/E92 -> 0.58173128 | F65: =(F57+F58+F63)/F92 -> 0.62685156 | G65: =(G57+G58+G63)/G92 -> 0.69049852 | H65: =(H57+H58+H63)/H92 -> 0.72309592 | I65: =(I57+I58+I63)/I92 -> 0.7373882
A66: 应付职工薪酬 | B66: 7246733.5 | C66: 18896685 | D66: 42769526 | E66: 40802557 | F66: 23578150 | G66: 42939642 | H66: 37039848 | I66: 42285485
A67: 应交税费 | B67: 67599606 | C67: 73546015 | D67: 1.0049084e+08 | E67: 86251037 | F67: 1.5303875e+08 | G67: 79070505 | H67: 10556263 | I67: 1.7213072e+08
A68: 应付利息 | B68: -- | C68: 218400 | D68: 284070 | E68: 345040 | F68: 312000 | G68: 312000 | H68: 312000 | I68: 312000
A69: 应付股利 | B69: 843994.45 | C69: 843994.42 | D69: 2627625 | E69: 843994.42 | F69: 843994.42 | G69: 843994.42 | H69: 843994.42 | I69: 9038794.4
A70: 其他应付款 | B70: 1.6339329e+08 | C70: 4.1455706e+08 | D70: 5.1797131e+08 | E70: 6.700248e+08 | F70: 8.252867e+08 | G70: 7.6715276e+08 | H70: 7.6707321e+08 | I70: 5.85079e+08
A71: 预提费用 | B71: 2226269.4 | C71: -- | D71: -- | E71: -- | F71: -- | G71: -- | H71: -- | I71: --
A72: 预计负债 | B72: -- | C72: -- | D72: 0 | E72: -- | F72: -- | G72: -- | H72: -- | I72: --
A73: 递延收益-流动负债 | B73: -- | C73: -- | D73: -- | E73: -- | F73: -- | G73: -- | H73: -- | I73: --
A74: 一年内到期的非流动负债 | B74: -- | C74: -- | D74: 0 | E74: -- | F74: -- | G74: -- | H74: -- | I74: --
A75: 应付短期债券 | B75: -- | C75: -- | D75: -- | E75: -- | F75: -- | G75: -- | H75: -- | I75: --
A76: 其他流动负债 | B76: -- | C76: -- | D76: 0 | E76: -- | F76: -- | G76: -- | H76: -- | I76: --
A77: 影响流动负债其他科目 | B77: -- | C77: -- | D77: -- | E77: -- | F77: -- | G77: -- | H77: -- | I77: --
A78: 流动负债合计 | B78: 1.0086941e+09 | C78: 1.4010942e+09 | D78: 1.7285273e+09 | E78: 2.1901548e+09 | F78: 3.0305733e+09 | G78: 3.3416707e+09 | H78: 3.4554883e+09 | I78: 3.6593579e+09
A79: 流动比率 | B79: =B25/B78 -> 1.7955233 | C79: =C25/C78 -> 1.7983063 | D79: =D25/D78 -> 2.5966816 | E79: =E25/E78 -> 2.2870811 | F79: =F25/F78 -> 2.1008179 | G79: =G25/G78 -> 2.2075231 | H79: =H25/H78 -> 2.5503242 | I79: =I25/I78 -> 2.9769751
A80: 流动负债/总资产 | B80: =B78/B112 -> 0.46030265 | C80: =C78/C112 -> 0.48935241 | D80: =D78/D112 -> 0.3501049 | E80: =E78/E112 -> 0.36470069 | F80: =F78/F112 -> 0.39703275 | G80: =G78/G112 -> 0.3675834 | H80: =H78/H112 -> 0.32403398 | I80: =I78/I112 -> 0.28409144
A81: 流动负债/总负债 | B81: =B78/B92 -> 0.96532642 | C81: =C78/C92 -> 0.97407302 | D81: =D78/D92 -> 0.98742905 | E81: =E78/E92 -> 0.92198653 | F81: =F78/F92 -> 0.94161422 | G81: =G78/G92 -> 0.94513977 | H81: =H78/H92 -> 0.95017859 | I81: =I78/I92 -> 0.94995811
A82: 非流动负债
A83: 长期借款 | B83: 2000000 | C83: 2000000 | D83: 6684882.1 | E83: 6684882.1 | F83: 6684882.1 | G83: 6684882.1 | H83: 6684882.1 | I83: 6684882.1
A84: 应付债券 | B84: -- | C84: -- | D84: 0 | E84: -- | F84: -- | G84: -- | H84: -- | I84: --
A85: 长期应付款 | B85: 4848295.4 | C85: 4848295.4 | D85: 4944832.4 | E85: 4944832.4 | F85: 4944832.4 | G85: 4944832.4 | H85: 4814832.4 | I85: 4814832.4
A86: 专项应付款 | B86: 29383013 | C86: 29038734 | D86: 0 | E86: -- | F86: -- | G86: -- | H86: -- | I86: --
A87: 递延所得税负债 | B87: -- | C87: 1406010.3 | D87: 374423.1 | E87: -- | F87: -- | G87: -- | H87: -- | I87: --
A88: 递延收益-非流动负债 | B88: -- | C88: -- | D88: -- | E88: -- | F88: -- | G88: -- | H88: -- | I88: --
A89: 其他非流动负债 | B89: -- | C89: -- | D89: 10001721 | E89: 1.7368924e+08 | F89: 1.7628419e+08 | G89: 1.8233611e+08 | H89: 1.6968443e+08 | I89: 1.8126791e+08
A90: 影响非流动负债其他科目 | B90: -- | C90: 0 | D90: -- | E90: -- | F90: 0 | G90: 0 | H90: 0 | I90: 0
A91: 非流动负债合计 | B91: -- | C91: 37293040 | D91: 22005858 | E91: 1.8531896e+08 | F91: 1.879139e+08 | G91: 1.9396583e+08 | H91: 1.8118414e+08 | I91: 1.9276763e+08
A92: 负债合计 | B92: 1.0449254e+09 | C92: 1.4383872e+09 | D92: 1.7505331e+09 | E92: 2.3754738e+09 | F92: 3.2184872e+09 | G92: 3.5356365e+09 | H92: 3.6366725e+09 | I92: 3.8521255e+09
A93: 资产负债率 | B93: =B92/B112 -> 0.47683627 | C93: =C92/C112 -> 0.50237755 | D93: =D92/D112 -> 0.35456208 | E93: =E92/E112 -> 0.39555968 | F93: =F92/F112 -> 0.42165118 | G93: =G92/G112 -> 0.38891962 | H93: =H92/H112 -> 0.34102429 | I93: =I92/I112 -> 0.29905681
A94: 金融负债/总资产 | B94: =(B55+B83)/B112 -> 0.0067081278 | C94: =(C55+C83)/C112 -> 0.017358444 | D94: =(D55+D83)/D112 -> 0.0056884581 | E94: =(E55+E83)/E112 -> 0.002778337 | F94: =(F55+F83)/F112 -> 0.0021858718 | G94: =(G55+G83)/G112 -> 0.0018353352 | H94: =(H55+H83)/H112 -> 0.0015646034 | I94: =(I55+I83)/I112 -> 0.001295318
A95: 金融负债/总负债 | B95: =(B55+B83)/B92 -> 0.01406799 | C95: =(C55+C83)/C92 -> 0.034552587 | D95: =(D55+D83)/D92 -> 0.016043616 | E95: =(E55+E83)/E92 -> 0.0070238124 | F95: =(F55+F83)/F92 -> 0.0051840759 | G95: =(G55+G83)/G92 -> 0.0047190604 | H95: =(H55+H83)/H92 -> 0.0045879529 | I95: =(I55+I83)/I92 -> 0.0043313444
A96: 所有者权益
A97: 实收资本（或股本） | B97: 484051138 | C97: 484051138 | D97: 534051138 | E97: 534051138 | F97: 694266479 | G97: 694266479 | H97: 694266479 | I97: 694266479
A98: 资本公积金 | B98: 55766670 | C98: 63763970 | D98: 1.3970572e+09 | E98: 1.3974623e+09 | F98: 1.2506709e+09 | G98: 1.2505992e+09 | H98: 1.2548753e+09 | I98: 1.2475583e+09
A99: 盈余公积金 | B99: 2.451902e+08 | C99: 1.709372e+08 | D99: 2.1770443e+08 | E99: 2.4527408e+08 | F99: 2.739351e+08 | G99: 3.657002e+08 | H99: 4.2419581e+08 | I99: 5.715878e+08
A100: 未分配利润 | B100: 2.6862786e+08 | C100: 6.2844143e+08 | D100: 9.8843196e+08 | E100: 1.4043665e+09 | F100: 2.1950639e+09 | G100: 3.2447808e+09 | H100: 4.6542183e+09 | I100: 6.5136096e+09
...

Sheet 利润表
A1: 报告期 | B1: 39082 | C1: 39447 | D1: 39813 | E1: 40178 | F1: 40543 | G1: 40908 | H1: 41274 | I1: 41639
A2: 一、营业总收入 | B2: 3.2003355e+09 | C2: 4.1157169e+09 | D2: 5.7231987e+09 | E2: 7.171784e+09 | F2: 1.0075438e+10 | G2: 1.1312322e+10 | H2: 1.3686825e+10 | I2: 1.5814791e+10 | J2: =I2/B2 -> 4.941604
A3: 营业收入增长率 | C3: =(C2-B2)/B2 -> 0.28602669 | D3: =(D2-C2)/C2 -> 0.39057151 | E3: =(E2-D2)/D2 -> 0.25310765 | F3: =(F2-E2)/E2 -> 0.40487189 | G3: =(G2-F2)/F2 -> 0.12276237 | H3: =(H2-G2)/G2 -> 0.20990403 | I3: =(I2-H2)/H2 -> 0.15547553
A4: 营业收入 | B4: 3.2003355e+09 | C4: 4.1157169e+09 | D4: 5.7231987e+09 | E4: 7.171784e+09 | F4: 1.0075438e+10 | G4: 1.1312322e+10 | H4: 1.3686825e+10 | I4: 1.5814791e+10
A5: 二、营业总成本 | B5: 2.865716e+09 | C5: 3.7249527e+09 | D5: 5.1999261e+09 | E5: 6.483991e+09 | F5: 9.0403407e+09 | G5: 9.9564264e+09 | H5: 1.1883714e+10 | I5: 1.3860725e+10
A6: 营业成本 | B6: 2.2731892e+09 | C6: 2.8403637e+09 | D6: 3.9579911e+09 | E6: 4.9948566e+09 | F6: 7.0047647e+09 | G6: 7.9218082e+09 | H6: 9.5779886e+09 | I6: 1.1118385e+10
A7: 毛利率 | B7: =(B4-B6)/B4 -> 0.28970284 | C7: =(C4-C6)/C4 -> 0.30987389 | D7: =(D4-D6)/D4 -> 0.30843025 | E7: =(E4-E6)/E4 -> 0.30354058 | F7: =(F4-F6)/F4 -> 0.30476821 | G7: =(G4-G6)/G4 -> 0.29971867 | H7: =(H4-H6)/H4 -> 0.30020374 | I7: =(I4-I6)/I4 -> 0.29696289
A8: 营业税金及附加 | B8: 17883705 | C8: 23614495 | D8: 30718813 | E8: 37217788 | F8: 78370242 | G8: 61101635 | H8: 69519923 | I8: 76341078
A9: 营业税金及附加/营业收入 | B9: =B8/B4 -> 0.0055880719 | C9: =C8/C4 -> 0.0057376384 | D9: =D8/D4 -> 0.0053674203 | E9: =E8/E4 -> 0.0051894742 | F9: =F8/F4 -> 0.0077783461 | G9: =G8/G4 -> 0.0054013343 | H9: =H8/H4 -> 0.0050793318 | I9: =I8/I4 -> 0.0048271949
A10: 销售费用 | B10: 4.0933556e+08 | C10: 6.1740803e+08 | D10: 9.8347656e+08 | E10: 1.2373683e+09 | F10: 1.7025322e+09 | G10: 1.6663425e+09 | H10: 1.8642005e+09 | I10: 2.0125744e+09
A11: 销售费用/收入 | B11: =B10/B4 -> 0.12790395 | C11: =C10/C4 -> 0.15001227 | D11: =D10/D4 -> 0.17184037 | E11: =E10/E4 -> 0.17253284 | F11: =F10/F4 -> 0.16897849 | G11: =G10/G4 -> 0.14730331 | H11: =H10/H4 -> 0.13620402 | I11: =I10/I4 -> 0.12725899
A12: 管理费用 | B12: 1.6379549e+08 | C12: 1.6315593e+08 | D12: 1.8793195e+08 | E12: 2.3875195e+08 | F12: 2.527037e+08 | G12: 3.1780551e+08 | H12: 3.5537554e+08 | I12: 4.6189385e+08
A13: 管理费用/收入 | B13: =B12/B4 -> 0.051180724 | C13: =C12/C4 -> 0.039642166 | D13: =D12/D4 -> 0.032836873 | E13: =E12/E4 -> 0.033290454 | F13: =F12/F4 -> 0.025081163 | G13: =G12/G4 -> 0.028093746 | H13: =H12/H4 -> 0.025964791 | I13: =I12/I4 -> 0.029206447
A14: 财务费用 | B14: 1512068.2 | C14: -4332760 | D14: 1676380.1 | E14: -30188480 | F14: -14562595 | G14: -19309385 | H14: 1333402.1 | I14: 7862388.8
A15: 核心利润 | B15: =B4-B6-B8-B10-B12-B14 -> 3.3461948e+08 | C15: =C4-C6-C8-C10-C12-C14 -> 4.7550751e+08 | D15: =D4-D6-D8-D10-D12-D14 -> 5.6140389e+08 | E15: =E4-E6-E8-E10-E12-E14 -> 6.9377797e+08 | F15: =F4-F6-F8-F10-F12-F14 -> 1.0516296e+09 | G15: =G4-G6-G8-G10-G12-G14 -> 1.364574e+09 | H15: =H4-H6-H8-H10-H12-H14 -> 1.8184065e+09 | I15: =I4-I6-I8-I10-I12-I14 -> 2.1377343e+09
A16: 核心利润率 | B16: =B15/B4 -> 0.10455762 | C16: =C15/C4 -> 0.11553455 | D16: =D15/D4 -> 0.098092679 | E16: =E15/E4 -> 0.096737152 | F16: =F15/F4 -> 0.10437557 | G16: =G15/G4 -> 0.12062722 | H16: =H15/H4 -> 0.13285817 | I16: =I15/I4 -> 0.1351731
A17: 资产减值损失 | B17: 0 | C17: 84743329 | D17: 38131323 | E17: 5984953.5 | F17: 16532446 | G17: 8677900.2 | H17: 15296365 | I17: 1.8366863e+08
A18: 经营性利润 | B18: =B15+B17 -> 3.3461948e+08 | C18: =C15+C17 -> 5.6025084e+08 | D18: =D15+D17 -> 5.9953521e+08 | E18: =E15+E17 -> 6.9976292e+08 | F18: =F15+F17 -> 1.068162e+09 | G18: =G15+G17 -> 1.3732519e+09 | H18: =H15+H17 -> 1.8337029e+09 | I18: =I15+I17 -> 2.3214029e+09 | J18: =I18/B18 -> 6.9374411
A19: 经营性利润的增长率 | C19: =(C18-B18)/B18 -> 0.67429239 | D19: =(D18-C18)/C18 -> 0.070119252 | E19: =(E18-D18)/D18 -> 0.16717568 | F19: =(F18-E18)/E18 -> 0.52646275 | G19: =(G18-F18)/F18 -> 0.2856213 | H19: =(H18-G18)/G18 -> 0.33529974 | I19: =(I18-H18)/H18 -> 0.2659646
A20: 经营性利润/利润总额 | B20: =B18/B32 -> 0.99280987 | C20: =C18/C32 -> 1.4106493 | D20: =D18/D32 -> 1.0797578 | E20: =E18/E32 -> 0.99165841 | F20: =F18/F32 -> 1.0273382 | G20: =G18/G32 -> 0.9760365 | H20: =H18/H32 -> 1.0021076 | I20: =I18/I32 -> 0.85936158
A21: 三、其他经营收益 | B21: -- | C21: -- | D21: -- | E21: -2201810 | F21: -184373.31 | G21: 199688.6 | H21: -194639.82 | I21: 2027329.6
A22: 公允价值变动净收益 | B22: -- | C22: -- | D22: -- | E22: -- | F22: -- | G22: -- | H22: -- | I22: --
A23: 投资净收益 | B23: 778756.21 | C23: 2558384.3 | D23: 5612185.6 | E23: 4049721.2 | F23: 7998868.4 | G23: 16825710 | H23: 669973.47 | I23: 6.8486499e+08
A24: 联营、合营企业投资收益 | B24: -- | C24: -- | D24: -- | E24: -- | F24: -- | G24: -- | H24: -- | I24: --
A25: 汇兑净收益 | B25: -- | C25: -- | D25: -- | E25: -- | F25: -- | G25: -- | H25: -- | I25: --
A26: 投资性损益/利润总额 | B26: =B23/B32 -> 0.0023105554 | C26: =C23/C32 -> 0.0064417269 | D26: =D23/D32 -> 0.010107499 | E26: =E23/E32 -> 0.005739001 | F26: =F23/F32 -> 0.0076931616 | G26: =G23/G32 -> 0.011958846 | H26: =H23/H32 -> 0.00036613649 | I26: =I23/I32 -> 0.2535306
A27: 四、营业利润 | B27: 3.370214e+08 | C27: 3.9332257e+08 | D27: 5.2888475e+08 | E27: 6.9184273e+08 | F27: 1.043096e+09 | G27: 1.3727218e+09 | H27: 1.8037801e+09 | I27: 2.6389306e+09
A28: 营业外收入 | B28: 582659.94 | C28: 5476747.1 | D28: 30386609 | E28: 16838334 | F28: 6874855.6 | G28: 38884563 | H28: 31122152 | I28: 68782104
A29: 营业外支出 | B29: 1671253.2 | C29: 1641174.4 | D29: 4021665.8 | E29: 3031910.6 | F29: 10233390 | G29: 4638600.2 | H29: 5056052.9 | I29: 6401721.8
A30: 非流动资产处置净损失 | B30: -- | C30: 141952.7 | D30: -- | E30: 806215.41 | F30: 250446.96 | G30: 1106667.4 | H30: 333816.83 | I30: 1152072.1
A31: 营业外收支/利润总额 | B31: =(B28+B29+0)/B32 -> 0.0066873191 | C31: =(C28+C29+C30)/C32 -> 0.018279555 | D31: =(D28+D29+0)/D32 -> 0.061969011 | E31: =(E28+E29+E30)/E32 -> 0.029301331 | F31: =(F28+F29+F30)/F32 -> 0.016695265 | G31: =(G28+G29+G30)/G32 -> 0.031720578 | H31: =(H28+H29+H30)/H32 -> 0.019953602 | I31: =(I28+I29+I30)/I32 -> 0.028258833
A32: 五、利润总额 | B32: 3.3704286e+08 | C32: 3.9715814e+08 | D32: 5.552497e+08 | E32: 7.0564916e+08 | F32: 1.0397375e+09 | G32: 1.4069677e+09 | H32: 1.8298462e+09 | I32: 2.701311e+09
A33: 所得税 | B33: 53463110 | C33: 58977173 | D33: 91717872 | E33: 96453930 | F33: 1.1339397e+08 | G33: 1.9605993e+08 | H33: 2.4733036e+08 | I33: 3.7985724e+08
A34: 所得税/利润总额 | B34: =B33/B32 -> 0.15862407 | C34: =C33/C32 -> 0.14849796 | D34: =D33/D32 -> 0.16518311 | E34: =E33/E32 -> 0.13668822 | F34: =F33/F32 -> 0.10906019 | G34: =G33/G32 -> 0.13934927 | H34: =H33/H32 -> 0.13516456 | I34: =I33/I32 -> 0.14061959
A35: 未确认的投资损失 | B35: -- | C35: -- | D35: -- | E35: -- | F35: -- | G35: -- | H35: -- | I35: --
A36: 六、净利润 | B36: 2.7639534e+08 | C36: 3.3818097e+08 | D36: 4.6353182e+08 | E36: 6.0919523e+08 | F36: 9.2634351e+08 | G36: 1.2109078e+09 | H36: 1.5825158e+09 | I36: 2.3214538e+09 | J36: =I36/B36 -> 8.3990337
A37: 销售净利率 | B37: =B36/B4 -> 0.086364489 | C37: =C36/C4 -> 0.08216818 | D37: =D36/D4 -> 0.080991741 | E37: =E36/E4 -> 0.084943331 | F37: =F36/F4 -> 0.091940769 | G37: =G36/G4 -> 0.10704325 | H37: =H36/H4 -> 0.1156233 | I37: =I36/I4 -> 0.14679004
A38: 净利润增长率 | C38: =(C36-B36)/B36 -> 0.22354077 | D38: =(D36-C36)/C36 -> 0.37066206 | E38: =(E36-D36)/D36 -> 0.31424683 | F38: =(F36-E36)/E36 -> 0.52060204 | G38: =(G36-F36)/F36 -> 0.30719091 | H38: =(H36-G36)/G36 -> 0.30688384 | I38: =(I36-H36)/H36 -> 0.46693873
A39: 少数股东损益 | B39: 7184407.5 | C39: 1390487.3 | D39: -1888332.6 | E39: 5475661.7 | F39: 174925.2 | G39: -858.77 | H39: -- | I39: --
A40: 归属于母公司股东的净利润 | B40: 2.7639534e+08 | C40: 3.3679048e+08 | D40: 4.6542016e+08 | E40: 6.0371957e+08 | F40: 9.2616858e+08 | G40: 1.2109087e+09 | H40: 1.5825158e+09 | I40: 2.3214538e+09
A41: 七、每股收益
A42: 基本每股收益 | B42: -- | C42: 0.7 | D42: 0.96 | E42: 1.13 | F42: 1.33 | G42: 1.74 | H42: 2.28 | I42: 3.34
A43: 稀释每股收益 | B43: -- | C43: 0.7 | D43: 0.96 | E43: 1.13 | F43: 1.33 | G43: 1.74 | H43: 2.28 | I43: 3.34

Sheet 现金流量表
A1: 报告期 | B1: 39082 | C1: 39447 | D1: 39813 | E1: 40178 | F1: 40543 | G1: 40908 | H1: 41274 | I1: 41639
A2: 一、经营活动产生的现金流量
A3: 销售商品、提供劳务收到的现金 | B3: 3.5236069e+09 | C3: 4.4472683e+09 | D3: 6.5811571e+09 | E3: 7.388251e+09 | F3: 1.0080755e+10 | G3: 1.1434064e+10 | H3: 1.5504407e+10 | I3: 1.6663068e+10
A4: 销售现金/营业收入 | B4: =B3/利润表!B2 -> 1.1010117 | C4: =C3/利润表!C2 -> 1.0805574 | D4: =D3/利润表!D2 -> 1.1499089 | E4: =E3/利润表!E2 -> 1.0301831 | F4: =F3/利润表!F2 -> 1.0005277 | G4: =G3/利润表!G2 -> 1.0107619 | H4: =H3/利润表!H2 -> 1.132798 | I4: =I3/利润表!I2 -> 1.0536382
A5: 销售现金/经营流入小计 | B5: =B3/B8 -> 0.99778703 | C5: =C3/C8 -> 0.99437915 | D5: =D3/D8 -> 0.99543823 | E5: =E3/E8 -> 0.98890212 | F5: =F3/F8 -> 0.9924713 | G5: =G3/G8 -> 0.99128698 | H5: =H3/H8 -> 0.99569731 | I5: =I3/I8 -> 0.99306947
A6: 收到的税费返还 | B6: 320294.59 | C6: 710536.72 | D6: 155265.23 | E6: -- | F6: -- | G6: 82379.63 | H6: -- | I6: --
A7: 收到其他与经营活动有关的现金 | B7: 7494627.5 | C7: 24428200 | D7: 30004018 | E7: 82914106 | F7: 76470702 | G7: 1.0041854e+08 | H7: 66998863 | I7: 1.1628991e+08
A8: 经营活动现金流入小计 | B8: 3.5314218e+09 | C8: 4.472407e+09 | D8: 6.6113164e+09 | E8: 7.4711652e+09 | F8: 1.0157226e+10 | G8: 1.1534565e+10 | H8: 1.5571406e+10 | I8: 1.6779358e+10
A9: 经营流入/总流入 | B9: =B8/(B8+B34+B48) -> 0.98844251 | C9: =C8/(C8+C34+C48) -> 0.98935748 | D9: =D8/(D8+D34+D48) -> 0.81434224 | E9: =E8/(E8+E34+E48) -> 0.94395653 | F9: =F8/(F8+F34+F48) -> 0.99810969 | G9: =G8/(G8+G34+G48) -> 0.98760705 | H9: =H8/(H8+H34+H48) -> 0.9882133 | I9: =I8/(I8+I34+I48) -> 0.95998954
A10: 购买商品、接受劳务支付的现金 | B10: 2.4612392e+09 | C10: 3.4358848e+09 | D10: 4.2323583e+09 | E10: 5.1096597e+09 | F10: 7.414943e+09 | G10: 9.1962795e+09 | H10: 1.145816e+10 | I10: 1.2732538e+10
A11: 购买现金/经营流出小计 | B11: =B10/B17 -> 0.75981548 | C11: =C10/C17 -> 0.77877598 | D11: =D10/D17 -> 0.72916133 | E11: =E10/E17 -> 0.728846 | F11: =F10/F17 -> 0.7624509 | G11: =G10/G17 -> 0.76748525 | H11: =H10/H17 -> 0.7754335 | I11: =I10/I17 -> 0.77459286
A12: 支付给职工以及为职工支付的现金 | B12: 89618680 | C12: 1.0732254e+08 | D12: 1.8906169e+08 | E12: 2.6061147e+08 | F12: 3.3766841e+08 | G12: 3.6692137e+08 | H12: 6.0727594e+08 | I12: 6.8646098e+08
A13: 支付给职工的现金/营业收入 | B13: =B12/利润表!B4 -> 0.028002902 | C13: =C12/利润表!C4 -> 0.026076268 | D13: =D12/利润表!D4 -> 0.033034269 | E13: =E12/利润表!E4 -> 0.036338443 | F13: =F12/利润表!F4 -> 0.033514019 | G13: =G12/利润表!G4 -> 0.032435548 | H13: =H12/利润表!H4 -> 0.044369382 | I13: =I12/利润表!I4 -> 0.043406263
A14: 支付的各项税费 | B14: 2.5118254e+08 | C14: 2.9515883e+08 | D14: 4.2119787e+08 | E14: 5.4736276e+08 | F14: 6.5757618e+08 | G14: 8.2958082e+08 | H14: 1.0159843e+09 | I14: 1.1150415e+09
A15: 支付的各项税费/营业收入 | B15: =B14/利润表!B4 -> 0.078486314 | C15: =C14/利润表!C4 -> 0.071715046 | D15: =D14/利润表!D4 -> 0.073594836 | E15: =E14/利润表!E4 -> 0.076321702 | F15: =F14/利润表!F4 -> 0.065265271 | G15: =G14/利润表!G4 -> 0.073334263 | H15: =H14/利润表!H4 -> 0.074230826 | I15: =I14/利润表!I4 -> 0.070506242
A16: 支付其他与经营活动有关的现金 | B16: 4.3721869e+08 | C16: 5.7353777e+08 | D16: 9.6180168e+08 | E16: 1.0929824e+09 | F16: 1.3149541e+09 | G16: 1.5895716e+09 | H16: 1.6950369e+09 | I16: 1.9036762e+09
A17: 经营活动现金流出小计 | B17: 3.2392591e+09 | C17: 4.4119039e+09 | D17: 5.8044195e+09 | E17: 7.0106163e+09 | F17: 9.7251417e+09 | G17: 1.1982353e+10 | H17: 1.4776457e+10 | I17: 1.6437716e+10
A18: 经营流出小计/总流出 | B18: =B17/(B17+B39+B53) -> 0.95222625 | C18: =C17/(C17+C39+C53) -> 0.97598493 | D18: =D17/(D17+D39+D53) -> 0.89881488 | E18: =E17/(E17+E39+E53) -> 0.87999851 | F18: =F17/(F17+F39+F53) -> 0.92931039 | G18: =G17/(G17+G39+G53) -> 0.95616167 | H18: =H17/(H17+H39+H53) -> 0.97396277 | I18: =I17/(I17+I39+I53) -> 0.95816163
A19: 经营活动产生的现金流量净额 | B19: 2.921627e+08 | C19: 60503123 | D19: 8.0689688e+08 | E19: 4.6054881e+08 | F19: 4.3208388e+08 | G19: -4.4778811e+08 | H19: 7.9494891e+08 | I19: 3.4164159e+08 | J19: =SUM(B19:I19) -> 2.7409978e+09
A20: 同口径的营业利润 | B20: =利润表!B15-利润表!B33+现金流量表!B64+现金流量表!B65+现金流量表!B66 -> 3.0949901e+08 | C20: =利润表!C15-利润表!C33+现金流量表!C64+现金流量表!C65+现金流量表!C66 -> 4.486521e+08 | D20: =利润表!D15-利润表!D33+现金流量表!D64+现金流量表!D65+现金流量表!D66 -> 5.0643781e+08 | E20: =利润表!E15-利润表!E33+现金流量表!E64+现金流量表!E65+现金流量表!E66 -> 6.3259328e+08 | F20: =利润表!F15-利润表!F33+现金流量表!F64+现金流量表!F65+现金流量表!F66 -> 9.7605012e+08 | G20: =利润表!G15-利润表!G33+现金流量表!G64+现金流量表!G65+现金流量表!G66 -> 1.2070492e+09 | H20: =利润表!H15-利润表!H33+现金流量表!H64+现金流量表!H65+现金流量表!H66 -> 1.6608873e+09 | I20: =利润表!I15-利润表!I33+现金流量表!I64+现金流量表!I65+现金流量表!I66 -> 1.8497699e+09 | J20: =SUM(B20:I20) -> 7.5909387e+09
A21: 经营净现金/同口径营业利润 | B21: =B19/B20 -> 0.9439859 | C21: =C19/C20 -> 0.13485532 | D21: =D19/D20 -> 1.5932793 | E21: =E19/E20 -> 0.72803304 | F21: =F19/F20 -> 0.44268617 | G21: =G19/G20 -> -0.3709775 | H21: =H19/H20 -> 0.47862906 | I21: =I19/I20 -> 0.1846941
A22: 狭义自由现金流量 | B22: =B19-B64-B65-B66 -> 2.6382006e+08 | C22: =C19-C64-C65-C66 -> 28381363 | D22: =D19-D64-D65-D66 -> 7.7014508e+08 | E22: =E19-E64-E65-E66 -> 4.2527956e+08 | F22: =F19-F64-F65-F66 -> 3.9426938e+08 | G22: =G19-G64-G65-G66 -> -4.8632329e+08 | H22: =H19-H64-H65-H66 -> 7.0513778e+08 | I22: =I19-I64-I65-I66 -> 2.4974872e+08
A23: 经营现金净流量/销售现金 | B23: =B19/B3 -> 0.082915805 | C23: =C19/C3 -> 0.013604559 | D23: =D19/D3 -> 0.12260714 | E23: =E19/E3 -> 0.062335295 | F23: =F19/F3 -> 0.042862255 | G23: =G19/G3 -> -0.039162637 | H23: =H19/H3 -> 0.051272449 | I23: =I19/I3 -> 0.020502922
A24: 经营现金净流量/营业收入 | B24: =B19/利润表!B4 -> 0.091291272 | C24: =C19/利润表!C4 -> 0.014700507 | D24: =D19/利润表!D4 -> 0.14098705 | E24: =E19/利润表!E4 -> 0.06421677 | F24: =F19/利润表!F4 -> 0.042884874 | G24: =G19/利润表!G4 -> -0.0395841 | H24: =H19/利润表!H4 -> 0.058081326 | I24: =I19/利润表!I4 -> 0.021602662
A25: 经营现金净流量/流动负债 | B25: =B19/资产负债表!B78 -> 0.2896445 | C25: =C19/资产负债表!C78 -> 0.043182767 | D25: =D19/资产负债表!D78 -> 0.46681177 | E25: =E19/资产负债表!E78 -> 0.21028139 | F25: =F19/资产负债表!F78 -> 0.14257496 | G25: =G19/资产负债表!G78 -> -0.13400127 | H25: =H19/资产负债表!H78 -> 0.230054 | I25: =I19/资产负债表!I78 -> 0.093361075
A26: 经营现金净流量/负债总额 | B26: =B19/资产负债表!B92 -> 0.27960149 | C26: =C19/资产负债表!C92 -> 0.042063168 | D26: =D19/资产负债表!D92 -> 0.4609435 | E26: =E19/资产负债表!E92 -> 0.19387661 | F26: =F19/资产负债表!F92 -> 0.13425061 | G26: =G19/资产负债表!G92 -> -0.12664993 | H26: =H19/资产负债表!H92 -> 0.21859239 | I26: =I19/资产负债表!I92 -> 0.088689111
A27: 二、投资活动产生的现金流量
A28: 收回投资收到的现金 | B28: 17943.49 | C28: 500000 | D28: 359641.54 | E28: 500000 | F28: -- | G28: 106375000 | H28: 1.5541968e+08 | I28: --
A29: 取得投资收益收到的现金 | B29: 893962.63 | C29: 2574163.5 | D29: 7170381.2 | E29: 5141823.7 | F29: 5000000 | G29: 9100245.6 | H29: 1551999.7 | I29: 42254919
A30: 处置固定资产、无形资产和其他长期 | B30: 952224.6 | C30: 35515 | D30: 230530.01 | E30: 508263.58 | F30: 4236706.9 | G30: 19265836 | H30: 12012958 | I30: 103604.68
A31: 资产收回的现金净额
A32: 处置子公司及其他营业单位收到的现金净额 | B32: -- | C32: -- | D32: -- | E32: -- | F32: -- | G32: -- | H32: 138706.44 | I32: 6.4158415e+08
A33: 收到其他与投资活动有关的现金 | B33: 0 | C33: -- | D33: 0 | E33: 164919122 | F33: 0 | G33: 0 | H33: 6601200 | I33: 0
A34: 投资活动现金流入小计 | B34: 1864130.7 | C34: 3109678.5 | D34: 7760552.8 | E34: 1.7106921e+08 | F34: 9236706.9 | G34: 1.3474108e+08 | H34: 1.7572455e+08 | I34: 6.8394268e+08
A35: 购建固定资产、无形资产和其他长期资产支付的现金 | B35: 97076698 | C35: 16729885 | D35: 3.1776017e+08 | E35: 5.0234572e+08 | F35: 5.7783119e+08 | G35: 3.6544361e+08 | H35: 1.1827177e+08 | I35: 75136081
A36: 投资支付的现金 | B36: -- | C36: 27773800 | D36: 27688945 | E36: 3367636.1 | F36: 3537660 | G36: 1.0096803e+08 | H36: 154900000 | I36: 225885000
A37: 取得子公司及其他营业单位支付的现金净额 | B37: -- | C37: -679332.14 | D37: 50000001 | E37: -- | F37: 8699130 | G37: 2900870 | H37: -- | I37: 92273600
A38: 支付其他与投资活动有关的现金 | B38: 0 | C38: -- | D38: 0 | E38: -- | F38: 30619811 | G38: 0 | H38: 0 | I38: 0
A39: 投资活动现金流出小计 | B39: 97076698 | C39: 43824353 | D39: 3.9544911e+08 | E39: 5.0571335e+08 | F39: 6.2068779e+08 | G39: 4.6931251e+08 | H39: 2.7317177e+08 | I39: 3.9329468e+08
A40: 投资活动产生的现金流量净额 | B40: -95212567 | C40: -40714675 | D40: -3.8768856e+08 | E40: -3.3464414e+08 | F40: -6.1145108e+08 | G40: -3.3457143e+08 | H40: -97447223 | I40: 2.90648e+08
A41: 广义的自由现金流量 | B41: =B19+B40 -> 1.9695013e+08 | C41: =C19+C40 -> 19788449 | D41: =D19+D40 -> 4.1920832e+08 | E41: =E19+E40 -> 1.2590466e+08 | F41: =F19+F40 -> -1.793672e+08 | G41: =G19+G40 -> -7.8235954e+08 | H41: =H19+H40 -> 6.9750169e+08 | I41: =I19+I40 -> 6.3228958e+08 | J41: =SUM(B41:I41) -> 1.1299161e+09
A42: 三、筹资活动产生的现金流量
A43: 吸收投资收到的现金 | B43: 15529803 | C43: -- | D43: 1366120000 | E43: -- | F43: -- | G43: -- | H43: -- | I43: --
A44: 子公司吸收少数股东投资收到的现金 | B44: -- | C44: -- | D44: -- | E44: -- | F44: -- | G44: -- | H44: -- | I44: --
A45: 取得借款收到的现金 | B45: 12700000 | C45: 45000000 | D45: 133400000 | E45: 272500000 | F45: 10000000 | G45: 10000000 | H45: 10000000 | I45: 10000000
A46: 收到其他与筹资活动有关的现金 | B46: 11197670 | C46: -- | D46: 0 | E46: -- | F46: 0 | G46: 0 | H46: 0 | I46: 5387629.4
A47: 发行债券收到的现金 | B47: -- | C47: -- | D47: -- | E47: -- | F47: -- | G47: -- | H47: -- | I47: --
A48: 筹资活动现金流入小计 | B48: 39427473 | C48: 45000000 | D48: 1499520000 | E48: 272500000 | F48: 10000000 | G48: 10000000 | H48: 10000000 | I48: 15387629
A49: 偿还债务支付的现金 | B49: 10546800 | C49: 10000000 | D49: 188700000 | E49: 283900000 | F49: 10000000 | G49: 10000000 | H49: 10000000 | I49: 10000000
A50: 分配股利、利润或偿付利息支付的现金 | B50: -- | C50: -- | D50: -- | E50: -- | F50: -- | G50: -- | H50: -- | I50: --
A51: 子公司支付给少数股东的股利 | B51: -- | C51: -- | D51: -- | E51: -- | F51: -- | G51: -- | H51: -- | I51: --
A52: 支付其他与筹资活动有关的现金 | B52: 4.3721869e+08 | C52: 5.7353777e+08 | D52: 9.6180168e+08 | E52: 1.0929824e+09 | F52: 1.3149541e+09 | G52: 1.5895716e+09 | H52: 1.6950369e+09 | I52: 1.9036762e+09
A53: 筹资活动现金流出小计 | B53: 65438836 | C53: 64734863 | D53: 2.5799009e+08 | E53: 4.5029331e+08 | F53: 1.1907199e+08 | G53: 80057361 | H53: 1.2185154e+08 | I53: 3.2446245e+08
A54: 筹资活动产生的现金流量净额 | B54: -26011363 | C54: -19734863 | D54: 1.2415299e+09 | E54: -1.7779331e+08 | F54: -1.0907199e+08 | G54: -70057361 | H54: -1.1185154e+08 | I54: -3.0907482e+08
A55: 四、现金及现金等价物净增加额
A56: 汇率变动对现金的影响 | B56: -- | C56: -- | D56: -- | E56: 130970.73 | F56: -176509.77 | G56: 165832.5 | H56: -27537.88 | I56: -1327726.1
A57: 现金及现金等价物净增加额 | B57: 1.7093877e+08 | C57: 53585.77 | D57: 1.6607382e+09 | E57: -51757681 | F57: -2.886157e+08 | G57: -8.5225106e+08 | H57: 5.8562261e+08 | I57: 3.2188704e+08
A58: 期初现金及现金等价物余额 | B58: -- | C58: 6.436969e+08 | D58: 6.7459577e+08 | E58: 2.335334e+09 | F58: 2.2835763e+09 | G58: 1.9949606e+09 | H58: 1.1427095e+09 | I58: 1.7610645e+09
A59: 期末现金及现金等价物余额 | B59: -- | C59: 6.4375049e+08 | D59: 2.335334e+09 | E59: 2.2835763e+09 | F59: 1.9949606e+09 | G59: 1.1427095e+09 | H59: 1.7283322e+09 | I59: 2.0829515e+09
A60: 补充资料：
A61: 1、将净利润调节为经营活动的现金流量：
A62: 净利润 | B62: 2.7639534e+08 | C62: 3.3818097e+08 | D62: 4.6353182e+08 | E62: 6.0919523e+08 | F62: 9.2634351e+08 | G62: 1.2109078e+09 | H62: 1.5825158e+09 | I62: 2.3214538e+09
A63: 加：资产减值准备 | B63: -- | C63: 84743329 | D63: 38131323 | E63: 5984953.5 | F63: 6501916.5 | G63: 8677900.2 | H63: 10152601 | I63: 1.8366863e+08
A64: 固定资产折旧、油气资产折耗、生产性生物资产折旧 | B64: 23379268 | C64: 25461864 | D64: 29559385 | E64: 25600067 | F64: 25759041 | G64: 28714176 | H64: 59265204 | I64: 77874788
A65: 无形资产摊销 | B65: 2363392.7 | C65: 2254620.8 | D65: 2561989.9 | E65: 5304855.2 | F65: 8165230.8 | G65: 6662933.8 | H65: 8524243.9 | I65: 8196345.4
A66: 长期待摊费用摊销 | B66: 2599982.7 | C66: 4405274.7 | D66: 4630421 | E66: 4364323.1 | F66: 3890230 | G66: 3158074.9 | H66: 22021679 | I66: 5821738.3
A67: 待摊费用减少 | B67: -1564723.2 | C67: -- | D67: -- | E67: -- | F67: -- | G67: -- | H67: -- | I67: --
A68: 预提费用增加 | B68: -577268.12 | C68: -- | D68: -- | E68: -- | F68: -- | G68: -- | H68: -- | I68: --
A69: 处置固定资产、无形资产和其他长期资产的损失 | B69: 569766.85 | C69: 330260.09 | D69: 222787.82 | E69: -77539.68 | F69: -38561.77 | G69: -14694459 | H69: 274752.93 | I69: -6670672.4
A70: 固定资产报废损失 | B70: -- | C70: -- | D70: -158997.33 | E70: 359442.08 | F70: 187509.51 | G70: -115494.79 | H70: -- | I70: --
A71: 公允价值变动损失 | B71: -- | C71: -- | D71: -- | E71: -- | F71: -- | G71: -- | H71: -- | I71: --
A72: 财务费用 | B72: 581000 | C72: 7989587.2 | D72: 8349321.5 | E72: 3505013.2 | F72: 477900 | G72: 617818.35 | H72: 768901.91 | I72: 725222.13
A73: 投资损失 | B73: -385650.67 | C73: -2558384.3 | D73: -5612185.6 | E73: -4049721.2 | F73: -7998868.4 | G73: -16825710 | H73: -669973.47 | I73: -6.8486499e+08
A74: 递延所得税资产减少 | B74: -- | C74: -14370465 | D74: -17642361 | E74: -14632459 | F74: -15413426 | G74: 75011.11 | H74: -10655821 | I74: -54386662
A75: 递延所得税负债增加 | B75: -- | C75: 1406010.3 | D75: -- | E75: -- | F75: -- | G75: -- | H75: -- | I75: --
A76: 存货的减少 | B76: -1.5199967e+08 | C76: -3.6867035e+08 | D76: -2.5517539e+08 | E76: -3.5182274e+08 | F76: -1.0729775e+09 | G76: -8.0706302e+08 | H76: -8.2279192e+08 | I76: -1.1186294e+09
A77: 经营性应收项目的减少 | B77: -1.9978597e+08 | C77: -3.6442396e+08 | D77: 2.811455e+08 | E77: -2.6298189e+08 | F77: -3.0608683e+08 | G77: -1.1840906e+09 | H77: -1.4889138e+08 | I77: -1.2654181e+09
A78: 经营性应付项目的增加 | B78: 3.3323164e+08 | C78: 3.4575437e+08 | D78: 2.5735326e+08 | E78: 4.3979928e+08 | F78: 8.6327378e+08 | G78: 3.1714925e+08 | H78: 1.1368767e+08 | I78: 8.9909721e+08
A79: 未确认的投资损失 | B79: -- | C79: -- | D79: -- | E79: -- | F79: -- | G79: -- | H79: -- | I79: --
A80: 其他 | B80: 0 | C80: -- | D80: 0 | E80: -- | F80: 0 | G80: -961826.02 | H80: -19252886 | I80: -25226319
A81: 经营活动产生的现金流量净额 | B81: 2.921627e+08 | C81: 60503123 | D81: 8.0689688e+08 | E81: 4.6054881e+08 | F81: 4.3208388e+08 | G81: -4.4778811e+08 | H81: 7.9494891e+08 | I81: 3.4164159e+08
A82: 2、债务转为资本 | B82: -- | C82: -- | D82: -- | E82: -- | F82: -- | G82: -- | H82: -- | I82: --
A83: 3、一年内到期的可转换公司债券 | B83: -- | C83: -- | D83: -- | E83: -- | F83: -- | G83: -- | H83: -- | I83: --
A84: 4、融资租入固定资产 | B84: -- | C84: -- | D84: -- | E84: -- | F84: -- | G84: -- | H84: -- | I84: --
A85: 5、现金及现金等价物净增加情况：
A86: 现金的期末余额 | B86: 6.436969e+08 | C86: 6.4375049e+08 | D86: 2.335334e+09 | E86: 2.2835763e+09 | F86: 1.9949606e+09 | G86: 1.1427095e+09 | H86: 1.7283322e+09 | I86: 2.0829515e+09
A87: 减：现金的期初余额 | B87: 4.7275813e+08 | C87: 6.436969e+08 | D87: 6.7459577e+08 | E87: 2.335334e+09 | F87: 2.2835763e+09 | G87: 1.9949606e+09 | H87: 1.1427095e+09 | I87: 1.7610645e+09
A88: 现金等价物的期末余额 | B88: -- | C88: -- | D88: -- | E88: -- | F88: -- | G88: -- | H88: -- | I88: --
A89: 减：现金等价物的期初余额 | B89: -- | C89: -- | D89: -- | E89: -- | F89: -- | G89: -- | H89: -- | I89: --
A90: 现金及现金等价物净增加额 | B90: 1.7093877e+08 | C90: 53585.77 | D90: 1.6607382e+09 | E90: -51757681 | F90: -2.886157e+08 | G90: -8.5225106e+08 | H90: 5.8562261e+08 | I90: 3.2188704e+08

Sheet 财务指标
A1: 报告日期 | B1: 39082 | C1: 39447 | D1: 39813 | E1: 40178 | F1: 40543 | G1: 40908 | H1: 41274 | I1: 41639
A2: 每股指标
A3: 摊薄每股收益(元) | B3: 0.5773 | C3: 0.6986 | D3: 0.868 | E3: 1.1407 | F3: 1.3343 | G3: 1.7442 | H3: 2.2794 | I3: 3.3438
A4: 加权每股收益(元) | B4: -- | C4: 0.7 | D4: 0.96 | E4: 1.13 | F4: 1.33 | G4: 1.74 | H4: 2.28 | I4: 3.34
A5: 每股收益_调整后(元) | B5: -- | C5: 0.7 | D5: 0.96 | E5: 1.13 | F5: 1.33 | G5: 1.74 | H5: 2.28 | I5: 3.34
A6: 扣除非经常性损益后的每股收益(元) | B6: 0.5694 | C6: 0.69 | D6: 0.92 | E6: 1.1 | F6: 1.33 | G6: 1.7 | H6: 2.24 | I6: 2.69
A7: 每股净资产_调整前(元) | B7: 2.3629 | C7: 2.9434 | D7: 5.9669 | E7: 6.7969 | F7: 6.3586 | G7: 8.0017 | H7: 10.1219 | I7: 13.0048
A8: 每股净资产_调整后(元) | B8: 2.18 | C8: 2.78 | D8: 5.87 | E8: 6.71 | F8: 6.36 | G8: 8 | H8: 10.1219 | I8: 13.0048
A9: 每股经营性现金流(元) | B9: 0.6036 | C9: 0.125 | D9: 1.5109 | E9: 0.8624 | F9: 0.6224 | G9: -0.645 | H9: 1.145 | I9: 0.4921
A10: 每股资本公积金(元) | B10: 0.1152 | C10: 0.1317 | D10: 2.616 | E10: 2.6167 | F10: 1.8014 | G10: 1.8013 | H10: 1.8075 | I10: 1.7969
A11: 每股未分配利润(元) | B11: 0.7486 | C11: 1.2983 | D11: 1.8508 | E11: 2.6296 | F11: 3.1617 | G11: 4.6737 | H11: 6.7038 | I11: 9.382
A12: 调整后的每股净资产(元) | B12: 2.14 | C12: -- | D12: -- | E12: -- | F12: -- | G12: -- | H12: -- | I12: --
A13: 盈利能力
A14: 总资产利润率(%) | B14: 12.7675 | C14: 11.8115 | D14: 9.3886 | E14: 10.1442 | F14: 12.1359 | G14: 13.32 | H14: 14.8398 | I14: 18.0224
A15: 主营业务利润率(%) | B15: 28.4562 | C15: 30.4136 | D15: 30.3063 | E15: 29.8351 | F15: 29.699 | G15: 29.4317 | H15: 29.5124 | I15: 29.2136
A16: 总资产净利润率(%) | B16: 14.7494 | C16: 13.3884 | D16: 11.8849 | E16: 11.1345 | F16: 13.5843 | G16: 14.4811 | H16: 16.0215 | I16: 19.7194
A17: 成本费用利润率(%) | B17: 11.602 | C17: 10.9103 | D17: 10.7569 | E17: 10.893 | F17: 11.5222 | G17: 14.1436 | H17: 15.4178 | I17: 19.7507
A18: 营业利润率(%) | B18: 10.3961 | C18: 9.5566 | D18: 9.2411 | E18: 9.6467 | F18: 10.3529 | G18: 12.1347 | H18: 13.179 | I18: 16.6865
A19: 主营业务成本率(%) | B19: 70.9828 | C19: 69.0126 | D19: 69.157 | E19: 69.6459 | F19: 69.5232 | G19: 70.0281 | H19: 69.9796 | I19: 70.3037
A20: 销售净利率(%) | B20: 8.7207 | C20: 8.2168 | D20: 8.0992 | E20: 8.4943 | F20: 9.1941 | G20: 10.7043 | H20: 11.5623 | I20: 14.679
A21: 股本报酬率(%) | B21: 93.708 | C21: 110.593 | D21: 138.7437 | E21: 169.7207 | F21: 174.2101 | G21: 211.5863 | H21: 272.6197 | I21: 393.8526
A22: 净资产报酬率(%) | B22: 39.6579 | C22: 37.5728 | D22: 23.2522 | E22: 24.9704 | F22: 27.3975 | G22: 26.4428 | H22: 26.9336 | I22: 30.2852
A23: 资产报酬率(%) | B23: 20.7244 | C23: 18.6971 | D23: 15.0078 | E23: 15.0931 | F23: 15.8453 | G23: 16.1587 | H23: 17.7486 | I23: 21.2282
A24: 销售毛利率(%) | B24: 28.9703 | C24: 31.1373 | D24: 30.843 | E24: 30.3541 | F24: 30.4768 | G24: 29.9719 | H24: 30.5655 | I24: 29.6963
A25: 三项费用比重 | B25: 17.8587 | C25: 18.8602 | D25: 20.497 | E25: 20.1614 | F25: 19.2614 | G25: 17.369 | H25: 16.2266 | I25: 15.6963
... A28: 股息发放率(%) | B28: 0.003 | C28: 0.0025 | D28: 0.0057 | E28: 0.0014 | F28: 0.0009 | G28: 0.0007 | H28: 0.0005 | I28: 0.0039
A29: 投资收益率(%) | B29: -8.3393 | C29: -- | D29: -- | E29: 11.17 | F29: -- | G29: -- | H29: -- | I29: --
A30: 主营业务利润(元) | B30: 9.118404e+08 | C30: 1.2517387e+09 | D30: 1.7344888e+09 | E30: 2.1397097e+09 | F30: 2.9923029e+09 | G30: 3.3294126e+09 | H30: 4.039316e+09 | I30: 4.6200649e+09
A31: 净资产收益率(%) | B31: 26.23 | C31: 25 | D31: 14.84 | E31: 16.86 | F31: 20.98 | G31: 21.8 | H31: 22.52 | I31: 25.71
A32: 加权净资产收益率(%) | B32: 29.32 | C32: 28.18 | D32: 29.4 | E32: 17.98 | F32: 23.07 | G32: 24.29 | H32: 25.16 | I32: 28.94
A33: 扣除非经常性损益后的净利润(元) | B33: 2.7563517e+08 | C33: 3.3353024e+08 | D33: 4.4341289e+08 | E33: 5.872206e+08 | F33: 9.2538358e+08 | G33: 1.1812048e+09 | H33: 1.5585703e+09 | I33: 1.8655914e+09
A34: 成长能力
A35: 主营业务收入增长率(%) | B35: 30.8762 | C35: 28.4409 | D35: 39.0572 | E35: 25.3108 | F35: 40.4872 | G35: 12.2762 | H35: 20.9904 | I35: 15.5476
A36: 净利润增长率(%) | B36: 18.7885 | C36: 21.0199 | D36: 37.0662 | E36: 31.4247 | F36: 52.0602 | G36: 30.7191 | H36: 30.6884 | I36: 46.6939
A37: 净资产增长率(%) | B37: 27.9896 | C37: 24.5682 | D37: 123.6593 | E37: 13.9093 | F37: 21.6177 | G37: 25.8397 | H37: 26.4976 | I37: 28.4817
A38: 总资产增长率(%) | B38: 36.7508 | C38: 30.8159 | D38: 72.4378 | E38: 21.6355 | F38: 27.1043 | G38: 19.0993 | H38: 17.3035 | I38: 20.7891
A39: 营运能力
A40: 应收账款周转率(次) | B40: 22.6655 | C40: 23.9151 | D40: 32.1924 | E40: 36.1497 | F40: 28.944 | G40: 25.8841 | H40: 31.3027 | I40: 31.7064
A41: 应收账款周转天数(天) | B41: 15.8832 | C41: 15.0533 | D41: 11.1828 | E41: 9.9586 | F41: 12.4378 | G41: 13.9082 | H41: 11.5006 | I41: 11.3542
A42: 存货周转天数(天) | B42: 91.0263 | C42: 105.4482 | D42: 105.2724 | E42: 106.3327 | F42: 112.4965 | G42: 142.3488 | H42: 148.3863 | I42: 147.6075
A43: 存货周转率(次) | B43: 3.9549 | C43: 3.414 | D43: 3.4197 | E43: 3.3856 | F43: 3.2001 | G43: 2.529 | H43: 2.4261 | I43: 2.4389
A44: 固定资产周转率(次) | B44: 12.9464 | C44: 15.885 | D44: 19.7971 | E44: 21.4548 | F44: 30.3211 | G44: 15.8551 | H44: 11.338 | I44: 12.0031
A45: 总资产周转率(次) | B45: 1.6913 | C45: 1.6294 | D45: 1.4674 | E45: 1.3108 | F45: 1.4775 | G45: 1.3528 | H45: 1.3857 | I45: 1.3434
A46: 总资产周转天数(天) | B46: 212.854 | C46: 220.9402 | D46: 245.3319 | E46: 274.6414 | F46: 243.6548 | G46: 266.1147 | H46: 259.7965 | I46: 267.9768
A47: 流动资产周转率(次) | B47: 2.0948 | C47: 1.9007 | D47: 1.6333 | E47: 1.5102 | F47: 1.7714 | G47: 1.6462 | H47: 1.6908 | I47: 1.605
A48: 流动资产周转天数(天) | B48: 171.8541 | C48: 189.4039 | D48: 220.4127 | E48: 238.379 | F48: 203.2291 | G48: 218.6855 | H48: 212.917 | I48: 224.2991
A49: 股东权益周转率(次) | B49: 3.1455 | C49: 3.2047 | D49: 2.4822 | E49: 2.1042 | F49: 2.5049 | G49: 2.2693 | H49: 2.1755 | I49: 1.9699
A50: 偿债及资本结构
A51: 流动比率 | B51: 1.7955 | C51: 1.7983 | D51: 2.5967 | E51: 2.2871 | F51: 2.1008 | G51: 2.2075 | H51: 2.5503 | I51: 2.977
A52: 速动比率 | B52: 1.1504 | C52: 1.0751 | D52: 1.8436 | E52: 1.5342 | F52: 1.2004 | G52: 1.1494 | H52: 1.2886 | I52: 1.6769
A53: 现金比率(%) | B53: 63.8149 | C53: 45.9463 | D53: 135.1054 | E53: 104.2705 | F53: 65.8278 | G53: 34.1958 | H53: 50.017 | I53: 56.9212
A54: 利息支付倍数 | B54: 22081.32 | C54: -9066.4005 | D54: 33221.945 | E54: -2237.4783 | F54: -7039.7813 | G54: -7186.4452 | H54: 137331.38 | I54: 34457.383
A55: 长期债务与营运资金比率(%) | B55: 0.0025 | C55: 0.0018 | D55: 0.0024 | E55: 0.0024 | F55: 0.002 | G55: 0.0017 | H55: 0.0012 | I55: 0.0009
A56: 股东权益比率(%) | B56: 52.2581 | C56: 49.7622 | D56: 64.5438 | E56: 60.444 | F56: 57.8349 | G56: 61.108 | H56: 65.8976 | I56: 70.0943
A57: 长期负债比率(%) | B57: 0.0914 | C57: 0.0699 | D57: 0.1354 | E57: 0.1113 | F57: 0.0876 | G57: 0.0735 | H57: 0.0627 | I57: 0.0519
A58: 股东权益与固定资产比率(%) | B58: 431.4537 | C58: 562.9421 | D58: 980.2251 | E58: 1056.8682 | F58: 1374.7087 | G58: 502.3593 | H58: 537.0569 | I58: 680.5838
A59: 负债与所有者权益比率(%) | B59: 91.3581 | C59: 100.9556 | D59: 54.9336 | E59: 65.4423 | F59: 72.906 | G59: 63.6446 | H59: 51.7507 | I59: 42.6649
A60: 长期资产与长期资金比率(%) | B60: 32.9526 | C60: 24.0798 | D60: 14.0523 | E60: 27.3964 | F60: 28.6429 | G60: 30.8183 | H60: 26.3201 | I60: 21.9922
A61: 资本化比率(%) | B61: 0.1746 | C61: 0.1402 | D61: 0.2093 | E61: 0.1838 | F61: 0.1512 | G61: 0.1202 | H61: 0.095 | I61: 0.074
A62: 固定资产净值率(%) | B62: 60.3522 | C62: 56.2132 | D62: 53.9552 | E62: 53.61 | F62: 53.1434 | G62: 81.0789 | H62: 80.8367 | I62: 76.2622
... A68: 总资产(元) | B68: 2.1886947e+09 | C68: 2.8631598e+09 | D68: 4.9371696e+09 | E68: 6.0053487e+09 | F68: 7.6330563e+09 | G68: 9.0909184e+09 | H68: 1.0663969e+10 | I68: 1.2880916e+10
A69: 现金流量
A70: 经营现金净流量对销售收入比率(%) | B70: 0.0912 | C70: 0.0147 | D70: 0.141 | E70: 0.0642 | F70: 0.0429 | G70: -0.0396 | H70: 0.0581 | I70: 0.0216
A71: 资产的经营现金流量回报率(%) | B71: 0.1335 | C71: 0.0211 | D71: 0.1634 | E71: 0.0767 | F71: 0.0566 | G71: -0.0493 | H71: 0.0745 | I71: 0.0265
A72: 经营现金净流量与净利润的比率(%) | B72: 1.0455 | C72: 0.1789 | D72: 1.7408 | E72: 0.756 | F72: 0.4664 | G72: -0.3698 | H72: 0.5023 | I72: 0.1472
A73: 经营现金净流量对负债比率(%) | B73: 0.2796 | C73: 0.0421 | D73: 0.4609 | E73: 0.1939 | F73: 0.1343 | G73: -0.1266 | H73: 0.2186 | I73: 0.0887
A74: 现金流量比率(%) | B74: 28.9645 | C74: 4.3183 | D74: 46.6812 | E74: 21.0281 | F74: 14.2575 | G74: -13.4001 | H74: 23.0054 | I74: 9.3361
A75: 其他指标
A76: 短期股票投资(元) | B76: -- | C76: -- | D76: -- | E76: -- | F76: -- | G76: -- | H76: -- | I76: --
A77: 短期债券投资(元) | B77: -- | C77: -- | D77: -- | E77: -- | F77: -- | G77: -- | H77: -- | I77: --
A78: 短期其它经营性投资(元) | B78: -- | C78: -- | D78: -- | E78: -- | F78: -- | G78: -- | H78: -- | I78: --
A79: 长期股票投资(元) | B79: 42609578 | C79: 41673450 | D79: 36336909 | E79: 36064807 | F79: 35178907 | G79: 30154371 | H79: 30000000 | I79: 60423567
A80: 长期债券投资(元) | B80: 0 | C80: -- | D80: 0 | E80: 0 | F80: -- | G80: 0 | H80: -- | I80: --
A81: 长期其它经营性投资(元) | B81: 0 | C81: -- | D81: -- | E81: 0 | F81: -- | G81: -- | H81: -- | I81: --
A82: 1年以内应收帐款(元) | B82: -- | C82: -- | D82: -- | E82: -- | F82: -- | G82: -- | H82: -- | I82: --
A83: 1-2年以内应收帐款(元) | B83: 7827558.9 | C83: 6600760.3 | D83: 6719187.7 | E83: 14126448 | F83: 5692278.2 | G83: 4874871.7 | H83: 3517776.3 | I83: 2967596
A84: 2-3年以内应收帐款(元) | B84: 2822738 | C84: 4309061.4 | D84: 2722693.5 | E84: 4956570.8 | F84: 6107478.4 | G84: 2768412.5 | H84: 3525523.3 | I84: 1443378.3
A85: 3年以内应收帐款(元) | B85: -- | C85: -- | D85: -- | E85: -- | F85: -- | G85: -- | H85: -- | I85: --
A86: 1年以内预付货款(元) | B86: -- | C86: -- | D86: -- | E86: -- | F86: -- | G86: -- | H86: -- | I86: --
A87: 1-2年以内预付货款(元) | B87: 303513.38 | C87: 23528826 | D87: 2192219.4 | E87: 5404980.3 | F87: 1.3103384e+08 | G87: 32249269 | H87: 17108720 | I87: 22417813
A88: 2-3年以内预付货款(元) | B88: 889122.74 | C88: 70940.04 | D88: 145409.14 | E88: 864663.04 | F88: 243017.09 | G88: 621039.05 | H88: 15261179 | I88: 8737406.7
A89: 3年以内预付货款(元) | B89: -- | C89: -- | D89: -- | E89: -- | F89: -- | G89: -- | H89: -- | I89: --
A90: 1年以内其它应收款(元) | B90: -- | C90: -- | D90: -- | E90: -- | F90: -- | G90: -- | H90: -- | I90: --
A91: 1-2年以内其它应收款(元) | B91: 16109154 | C91: 927663.07 | D91: 2880561.1 | E91: 1851534.4 | F91: 11949018 | G91: 31947448 | H91: 9643018.9 | I91: 1.4637342e+08
A92: 2-3年以内其它应收款(元) | B92: 1027879.5 | C92: 6547583.4 | D92: 943486 | E92: 2271908.3 | F92: 1112006.2 | G92: 11098104 | H92: 28425842 | I92: 2.0876803e+08
A93: 3年以内其它应收款(元) | B93: -- | C93: -- | D93: -- | E93: -- | F93: -- | G93: -- | H93: -- | I93: --
